 Dungeon Crawl Stone Soup version 0.26-a0-670-g578ab304f5 (webtiles) character file.

Game seed: 3765633563871149166

(classic levelgen) 501 EnegeticOcto the Geomancer (level 7, 0/61 HPs)
             Began as a Halfling Earth Elementalist on Oct 19, 2020.
             Slain by a centaur (2 damage)
             ... on level 5 of the Dungeon.
             The game lasted 00:06:37 (990 turns).

EnegeticOcto the Geomancer (HaEE)                    Turns: 990, Time: 00:06:38

Health: 0/61       AC:  4    Str: 15    XL:     7   Next: 40%
Magic:  4/9        EV: 14    Int: 15    God:
Gold:   77         SH:  0    Dex: 15    Spells: 6/9 levels left

rFire    . . .     SeeInvis .   m - +0 rapier
rCold    . . .     Faith    .   (shield restricted)
rNeg     . . .     Spirit   .   n - +0 troll leather armour {Purgy}
rPois    .         Reflect  .   (no helmet)
rElec    .         Harm     .   (no cloak)
rCorr    .         Rampage  .   (no gloves)
MR       .....                  (no boots)
Stlth    ..........             (no amulet)
HPRegen  0.60/turn              l - +6 ring of strength
MPRegen  0.11/turn              (no ring)

@: berserking, very quick
A: small, mutation resistance 1
a: no special abilities


You were on level 5 of the Dungeon.
You visited 1 branch of the dungeon, and saw 5 of its levels.

You collected 77 gold pieces.

Inventory:

Hand Weapons
 a - a +0 club
 g - a +0 whip
 m - a +0 rapier (weapon)
Missiles
 b - 44 stones
 d - 17 arrows
 j - 5 curare-tipped darts (quivered)
Armour
 c - a +0 robe
 n - a +0 troll leather armour (worn) {Purgy}
Jewellery
 h - an uncursed ring of fire
 l - a +6 ring of strength (left hand)
Potions
 f - 2 potions of flight
 k - a potion of degeneration {unknown}


   Skills:
 - Level 2.1 Dodging
 - Level 2.1 Stealth
 - Level 1.5 Spellcasting
 - Level 0.5 Transmutations
 + Level 8.0 Earth Magic


You had 6 spell levels left.
You knew the following spells:

 Your Spells              Type           Power        Failure   Level
a - Sandblast             Erth           ####..       1%          1
p - Passwall              Tmut/Erth      ##......     8%          2

Your spell library contained the following spells:

 Spells                   Type           Power        Failure   Level
 Stone Arrow              Conj/Erth      ##....       17%         3
 Beastly Appendage        Tmut           #.....       24%         1
 Lee's Rapid Deconstruct  Erth           ####......   30%         5
 Wereblood                Tmut           #.......     34%         2
 Petrify                  Tmut/Erth      ##......     45%         4
 Spider Form              Tmut/Pois      #.........   61%         3
 Ice Form                 Ice/Tmut       #.......     95%         4
 Blade Hands              Tmut           #.........   100%        5


Dungeon Overview and Level Annotations

Branches:
Dungeon (5/15)
 Temple: D:4-7

Altars:


Innate Abilities, Weirdness & Mutations

You are small and have problems with some larger weapons.
You are somewhat resistant to further mutation.


Message History

Aim: a bullfrog skeleton The blast of sand hits the bullfrog skeleton!
The bullfrog skeleton is severely damaged.
b - 46 stones You hit the bullfrog skeleton but do no damage.
The bullfrog skeleton is severely damaged.
The bullfrog skeleton closely misses you.
You hit the bullfrog skeleton.
The bullfrog skeleton is severely damaged.
The bullfrog skeleton barely misses you.
The bullfrog skeleton hits you.
You puncture the bullfrog skeleton!
You destroy the bullfrog skeleton!
An ogre comes into view. It is wielding a +0 giant spiked club.
Found 20 arrows and a yellow potion.
Throwing (i - inventory. (/) - cycle)
j - 7 curare-tipped darts (quivered)
Press: ? - help, Shift-Dir - straight line, f - ogre
Aim: an ogre, wielding a +0 giant spiked club (asleep)
You throw a curare-tipped dart. The curare-tipped dart hits the ogre.
The ogre is poisoned.
The ogre convulses.
The ogre seems to slow down.
The ogre shouts!
The ogre is moderately wounded.
You hear a bark!
Throwing (i - inventory. (/) - cycle)
j - 6 curare-tipped darts (quivered)
Press: ? - help, Shift-Dir - straight line, f/p - ogre
Aim: an ogre, wielding a +0 giant spiked club (moderately wounded, very poisoned, slow)
You throw a curare-tipped dart. The curare-tipped dart hits the ogre.
The ogre looks as sick as possible!
The ogre convulses.
The ogre seems to be slow for longer.
The ogre is heavily wounded.
Casting: Sandblast (safe; 1% risk of failure)
Confirm with . or Enter, or press ? or * to list all spells.
Aiming: Sandblast (safe; 1% risk of failure)
Press: ? - help, Shift-Dir - straight line, f/p - ogre
Aim: an ogre, wielding a +0 giant spiked club (severely wounded, extremely poisoned, slow)
The blast of sand hits the ogre.
The ogre is almost dead.
b - 45 stones A hound comes into view.
Casting: Sandblast (safe; 1% risk of failure)
Confirm with . or Enter, or press ? or * to list all spells.
Aiming: Sandblast (safe; 1% risk of failure)
Press: ? - help, Shift-Dir - straight line, f/p - ogre
Aim: an ogre, wielding a +0 giant spiked club (almost dead, extremely poisoned, slow)
You miscast Sandblast.
You are very lightly contaminated with residual magic.
Nothing appears to happen.
You kill the ogre!
Your Earth Magic skill increases to level 8!
Casting: Sandblast (safe; 1% risk of failure)
Confirm with . or Enter, or press ? or * to list all spells.
Aiming: Sandblast (safe; 1% risk of failure)
Press: ? - help, Shift-Dir - straight line, f - you That would be overly suicidal.
Okay, then.
Unknown command.
You see here 9 gold pieces.
You now have 77 gold pieces (gained 9).
A centaur comes into view.
The centaur shouts!
You hit the hound but do no damage. The hound barely misses you.
The hound bites you.
You closely miss the hound. The hound bites you.
The hound bites you but does no damage.
You closely miss the hound. The hound bites you.
Your magical contamination has completely faded away.
Casting: Sandblast (safe; 1% risk of failure)
Confirm with . or Enter, or press ? or * to list all spells.
Aiming: Sandblast (safe; 1% risk of failure)
Press: ? - help, Shift-Dir - straight line, f - hound
Aim: a hound The blast of sand misses the hound.
b - 44 stones The hound misses you.
The hound bites you.
The centaur wields a +0 shortbow.
The centaur shoots an arrow.
The arrow hits you! The hound bites you.
The centaur unwields a +0 shortbow.
The centaur hits you.
A red film seems to cover your vision as you go berserk!
You feel yourself moving faster!
You feel mighty! The hound bites you. The centaur hits you.
* * * LOW HITPOINT WARNING * * *
The hound bites you but does no damage.
You barely miss the centaur. The centaur hits you!
* * * LOW HITPOINT WARNING * * *
The hound completely misses you.
You puncture the centaur!
The centaur is heavily wounded.
The centaur hits you.
* * * LOW HITPOINT WARNING * * *
The hound stops to sniff the ground.
The hound closely misses you.
You barely miss the centaur.
The centaur is heavily wounded.
The centaur completely misses you. The hound bites you but does no damage.
The centaur barely misses you.
You barely miss the centaur.
The centaur is heavily wounded.
The hound bites you.
* * * LOW HITPOINT WARNING * * *
The centaur hits you.
You die...

#. #..##### #......#
####...##.####
#...........(####.##
......##...@h......
#.........c)..(##
#.##.#......#...(...
#.......#####.#.#(##
.....#..# .#.# #
##.####.)#####.# #
.......<........
##.####.######.# ###


You could see a centaur and a hound.

Vanquished Creatures
  Purgy (D:3)
  2 ogres
  A phantom (D:4)
  A bullfrog skeleton (D:5)
  An orc wizard (D:4)
  5 adders
  A dart slug (D:1)
  A leopard gecko (D:3)
  4 orcs (D:4)
  6 bats
  3 giant cockroaches
  5 goblins
  6 hobgoblins
  3 jackals (D:1)
  A quokka (D:3)
  3 kobolds (D:1)
  A leopard gecko skeleton (D:4)
  4 rats (D:1)
49 creatures vanquished.

Notes
Turn   | Place    | Note
-------+----------+-------------------------------------------
     0 | D:1      | EnegeticOcto the Halfling Earth Elementalist began the
                  | quest for the Orb.
     0 | D:1      | Reached XP level 1. HP: 11/11 MP: 3/3
    58 | D:1      | Reached XP level 2. HP: 15/17 MP: 0/4
   281 | D:1      | Learned a level 2 spell: Passwall
   371 | D:1      | Reached skill level 4 in Earth Magic
   371 | D:1      | Reached XP level 3. HP: 13/21 MP: 1/5
   538 | D:3      | Reached XP level 4. HP: 22/27 MP: 3/6
   644 | D:4      | Noticed an ogre
   649 | D:4      | Killed an ogre
   649 | D:4      | Reached skill level 5 in Earth Magic
   649 | D:4      | Reached XP level 5. HP: 31/31 MP: 4/7
   707 | D:3      | Reached skill level 6 in Earth Magic
   709 | D:3      | Noticed Purgy
   717 | D:3      | Killed Purgy
   717 | D:3      | Reached XP level 6. HP: 19/36 MP: 0/8
   872 | D:4      | Noticed a phantom
   896 | D:4      | Killed a phantom
   896 | D:4      | Reached skill level 7 in Earth Magic
   919 | D:4      | Reached XP level 7. HP: 33/41 MP: 5/9
   961 | D:5      | Entered Level 5 of the Dungeon
   977 | D:5      | Reached skill level 8 in Earth Magic
   990 | D:5      | HP: 2/61 [hound (3)]
   990 | D:5      | Slain by a centaur

Illustrated notes

Levels and vault maps discovered:
D:1:      heliophobic_arrival_dark_side_of_the_moon, layout_basic
D:2:      layout_basic
D:3:      layout_loops_ring, uniq_purgy
D:4:      layout_cave_pods
D:5:      layout_basic

Skill      XL: |  1  2  3  4  5  6  7 |
---------------+----------------------+-----
Earth Magic    | 4 5 6 7 8 |  8.0
Dodging        | |  2.1
Stealth        | |  2.1
Spellcasting   | |  1.5
Transmutations | |  0.5

Action                   |  1- 3 |  4- 6 |  7- 9 || total
-------------------------+-------+-------+-------++-------
Melee: Club              |    27 |       |       ||    27
       Whip              |    12 |       |       ||    12
       Rapier            |       |    18 |    17 ||    35
Throw: Dart              |       |     8 |     2 ||    10
 Cast: Sandblast         |    22 |    21 |     9 ||    52
       Passwall          |     1 |       |       ||     1
  Use: Scroll            |     1 |     2 |     1 ||     4
       Potion            |       |       |     1 ||     1
Armor: Robe              |     9 |     2 |       ||    11
       Troll leather arm |       |     3 |     4 ||     7
Dodge: Dodged            |    52 |    21 |    12 ||    85

Table legend: (Time is in decaauts)
 A = Elapsed time spent in this place.
 B = Non-inter-level travel time spent in this place.
 C = Inter-level travel time spent in this place.
 D = Time resting spent in this place.
 E = Time spent auto-exploring this place.
 F = Levels seen in this place.
 G = Mean time per level.
                   A        B        C        D        E       F      G
               +--------+--------+--------+--------+--------+-----+--------+
         Total |   1024 |   1001 |     23 |      0 |      0 |   5 |  204.8 |
       Dungeon |   1024 |   1001 |     23 |      0 |      0 |   5 |  204.8 |
               +--------+--------+--------+--------+--------+-----+--------+

Top non-repeatable levels by time:
     D:1: 461 daAuts
     D:3: 216 daAuts
     D:4: 216 daAuts
     D:2: 101 daAuts
     D:5: 29 daAuts
